AoeStats
← El.Profesor

Arena

510680713Analyzed
4v4 RM · 23h ago on Oct 2, 2026· 36m 10s· 8 players
Game mode
Random Map
Map size
Large (8 player)
Population
200
Speed
Normal
Resources
Standard
Victory
Conquest
Starting age
Dark Age
Ending age
Imperial Age
RankedLock teamsTeams togetherTeam positionsShared explorationLock speedFull tech treeHidden civsTurbo modeCheats
Victory
Defeat
🇺🇸 Romans · United States
1095
+18
🇹🇼 Saxons · Taiwan
1079
+19
🇲🇽 Burgundians · Mexico
1066
+19
1065
+19
🇦🇷 Turks · Argentina
1176
-21
🇦🇷 Lithuanians · Argentina
1146
-19
🇦🇷 Khmer · Argentina
1130
-18
🇦🇷 Goths · Argentina
1095
-17
Maverick
10:50 Feudal Age
10:13 Loom
14:46 Castle Age
12:37 Horse Collar
12:51 Double-Bit Axe
13:56 Heavy Plow
16:14 Wheelbarrow
29:25 Forging
29:41 Scale Barding Armor
30:20 Hand Cart
31:22 Iron Casting
34:52 Imperial Age
31:48 Pikeman
32:29 Gold Mining
33:02 Scale Mail Armor
33:08 Squires
33:33 Bow Saw
34:24 Chain Mail Armor
34:44 Arson
35:05 Halberdier
37:34 Blast Furnace
37:05 Plate Mail Armor
TWENTYSIX2SAM4
3:55 Loom
11:08 Feudal Age
11:44 Double-Bit Axe
11:42 Horse Collar
17:41 Castle Age
17:44 Wheelbarrow
17:32 Forging
17:25 Scale Mail Armor
18:31 Pikeman
19:31 Chain Mail Armor
20:45 Heavy Plow
29:41 Imperial Age
26:47 Man-at-Arms
28:13 Iron Casting
27:40 Long Swordsman
30:18 Squires
30:45 Legionary
34:04 Blast Furnace
32:52 Capped Ram
34:27 Gold Mining
36:04 Conscription
36:27 Conscription
ULIMA | I AM Chris Fernando
12:45 Feudal Age
13:47 Double-Bit Axe
13:54 Gold Mining
16:44 Castle Age
15:21 Loom
16:11 Wheelbarrow
15:26 Horse Collar
18:38 Town Watch
19:35 Fletching
20:23 Fervor
25:32 Bodkin Arrow
26:29 Scale Mail Armor
27:34 Pikeman
28:14 Squires
29:35 Hand Cart
31:34 Chain Mail Armor
31:22 Murder Holes
32:52 Forging
35:19 Iron Casting
35:06 Arson
Asura
10:54 Feudal Age
12:10 Loom
15:14 Castle Age
22:03 Fletching
29:42 Bodkin Arrow
35:13 Scale Mail Armor
Pablo
5:16 Loom
11:55 Feudal Age
13:21 Double-Bit Axe
15:58 Castle Age
14:44 Gold Mining
14:41 Horse Collar
17:23 Bloodlines
19:25 Scale Barding Armor
24:17 Forging
27:00 Bow Saw
34:28 Imperial Age
31:45 Loom
34:56 Chain Barding Armor
34:42 Cavalier
36:49 Wheelbarrow
El.Profesor
0:28 Loom
12:45 Feudal Age
16:18 Castle Age
14:53 Double-Bit Axe
15:02 Gold Mining
14:57 Horse Collar
17:17 Town Watch
20:33 Stone Mining
21:12 Bow Saw
22:34 Stone Shaft Mining
Griffing
0:34 Loom
12:44 Feudal Age
17:11 Castle Age
18:44 Forging
18:34 Scale Mail Armor
20:00 Iron Casting
18:58 Man-at-Arms
21:11 Chain Mail Armor
20:19 Long Swordsman
31:01 Gold Mining
34:09 Imperial Age
32:13 Double-Bit Axe
32:14 Horse Collar
32:27 Stone Mining
34:35 Squires
36:03 Blast Furnace
36:31 Conscription
36:12 Anarchy
35:41 Two-Handed Swordsman
Dekaryn
9:57 Loom
12:32 Feudal Age
17:58 Castle Age
16:04 Double-Bit Axe
16:15 Gold Mining
16:08 Horse Collar
23:00 Imperial Age
Connection lost

Rejoining the realm…

Still unreachable

The connection could not be restored.

Session expired

The server has moved on; the page needs a fresh start.